General information
			
			
        
        - name: BNet
 
        - type: Ladder 1vs1/FFA
 
        - host: Battle.net
 
        - saver: tacoworld
 
        
map: LostTemple 
        - players: 2
 
        - length: 286:32
 
        - speed: Fast
 - version: 1.22 W3XP
 - replay type:  Public
 
» download(843 KB)
Players
        team 1 (winner) 
              
              
tacoworld (
red | 63 APM | 17970 actions | 286:31)
              
 9 Mountain King 
 3 Storm Bolt
 3 Bash
 1 Avatar
 2 Thunder Clap
 10 Paladin 
 3 Holy Light
 3 Divine Shield
 3 Devotion Aura
 1 Resurrection
 1 Blood Mage 
 1 Flame Strike
 
                » actions 
                
                | Assign group hotkey | 63 |  | 
| Basic commands | 970 |  | 
| Build / train | 251 |  | 
| ESC pressed | 31 |  | 
| Enter build submenu | 120 |  | 
| Enter hero's abilities submenu | 20 |  | 
| Give item / drop item | 24 |  | 
| Right click | 8168 |  | 
| Select / deselect | 2596 |  | 
| Select group hotkey | 4582 |  | 
| Use ability | 1144 |  | 
                17970 total
 » units 
                
                | Peasant | 58 |  | 
| Footman | 2 |  | 
| Dragonhawk Rider | 11 |  | 
| Gryphon Rider | 9 |  | 
| Goblin Shredder | 2 |  | 
| Priest | 2 |  | 
| Siege Engine | 20 |  | 
| Goblin Zeppelin | 3 |  | 
| Sorceress | 4 |  | 
| Flying Machine | 2 |  | 
| Mortar Team | 2 |  | 
| Rifleman | 6 |  | 
                121 total
 » upgrades
                
                | Lumber Harvesting | 2 |  | 
| Masonry | 3 |  | 
| Storm Hammers | 1 |  | 
| Magic Sentry | 1 |  | 
| Priest Training | 2 |  | 
| Armor | 1 |  | 
| Swords | 1 |  | 
| Plating | 2 |  | 
| Gunpowder | 3 |  | 
| Sorceress Training | 1 |  | 
| Backpack | 1 |  | 
                18 total
 » buildings
                
                | Altar of Kings | 2 |  | 
| Barracks | 2 |  | 
| Farm | 28 |  | 
| Lumber Mill | 3 |  | 
| Scout Tower | 173 |  | 
| Guard Tower | 60 |  | 
| Keep | 2 |  | 
| Town Hall | 11 |  | 
| Arcane Vault | 2 |  | 
| Castle | 2 |  | 
| Gryphon Aviary | 2 |  | 
| Arcane Sanctum | 1 |  | 
| Blacksmith | 3 |  | 
| Workshop | 3 |  | 
| Arcane Tower | 3 |  | 
                297 total
 » build order
                00:08 Altar of Kings
00:13 Barracks
00:27 Farm
01:10 Lumber Mill
01:44 Farm
01:46 Farm
02:09 Scout Tower
02:54 Guard Tower
03:09 Scout Tower
03:20 Farm
03:49 Scout Tower
03:51 Guard Tower
03:53 Scout Tower
04:33 Keep
04:37 Guard Tower
04:38 Scout Tower
04:39 Scout Tower
05:05 Lumber Mill
05:40 Guard Tower
05:51 Town Hall
05:55 Scout Tower
05:56 Scout Tower
05:57 Scout Tower
05:58 Scout Tower
05:59 Scout Tower
06:00 Scout Tower
06:30 Guard Tower
06:32 Guard Tower
07:02 Guard Tower
07:22 Arcane Vault
07:25 Guard Tower
07:26 Guard Tower
07:28 Scout Tower
07:28 Scout Tower
08:39 Scout Tower
08:40 Scout Tower
09:02 Scout Tower
10:13 Guard Tower
10:13 Guard Tower
10:19 Guard Tower
10:27 Castle
10:31 Gryphon Aviary
10:55 Gryphon Aviary
12:35 Scout Tower
12:36 Scout Tower
12:37 Scout Tower
12:38 Scout Tower
12:39 Scout Tower
12:39 Scout Tower
13:28 Scout Tower
13:30 Scout Tower
13:31 Scout Tower
13:43 Scout Tower
13:58 Guard Tower
14:00 Guard Tower
14:09 Farm
14:25 Guard Tower
15:22 Guard Tower
15:30 Farm
15:33 Scout Tower
15:33 Scout Tower
15:34 Scout Tower
15:35 Scout Tower
16:33 Lumber Mill
16:52 Farm
17:33 Farm
17:43 Farm
17:44 Farm
17:50 Guard Tower
18:01 Keep
18:09 Farm
18:10 Scout Tower
18:11 Scout Tower
18:53 Scout Tower
18:53 Scout Tower
19:04 Scout Tower
19:05 Scout Tower
19:05 Scout Tower
19:14 Town Hall
19:16 Scout Tower
19:17 Scout Tower
19:20 Town Hall
20:04 Guard Tower
20:36 Town Hall
20:55 Scout Tower
20:56 Scout Tower
20:56 Scout Tower
20:58 Scout Tower
20:59 Scout Tower
20:59 Scout Tower
21:00 Scout Tower
22:04 Castle
22:28 Scout Tower
22:29 Scout Tower
22:30 Scout Tower
23:03 Guard Tower
23:04 Scout Tower
23:05 Scout Tower
23:06 Scout Tower
23:31 Guard Tower
23:32 Scout Tower
23:32 Scout Tower
23:57 Guard Tower
24:30 Guard Tower
24:32 Scout Tower
24:33 Scout Tower
25:43 Guard Tower
27:48 Arcane Sanctum
28:25 Blacksmith
30:07 Workshop
30:11 Scout Tower
30:12 Scout Tower
30:44 Guard Tower
31:59 Blacksmith
33:31 Scout Tower
33:32 Scout Tower
33:33 Scout Tower
33:34 Scout Tower
33:36 Scout Tower
33:36 Scout Tower
33:38 Scout Tower
33:38 Scout Tower
33:47 Workshop
34:03 Farm
34:04 Farm
34:07 Farm
34:08 Farm
34:08 Farm
34:09 Farm
34:12 Guard Tower
34:34 Guard Tower
34:42 Farm
34:43 Farm
34:50 Farm
34:51 Farm
35:01 Guard Tower
35:10 Farm
35:10 Farm
35:12 Farm
35:12 Farm
41:40 Town Hall
46:19 Arcane Tower
49:30 Scout Tower
49:31 Scout Tower
52:15 Arcane Tower
52:17 Workshop
56:18 Scout Tower
56:18 Scout Tower
59:36 Arcane Tower
62:04 Scout Tower
62:05 Scout Tower
62:06 Scout Tower
62:07 Scout Tower
62:08 Scout Tower
62:09 Scout Tower
62:10 Scout Tower
62:10 Scout Tower
62:11 Scout Tower
62:39 Guard Tower
62:42 Guard Tower
62:53 Guard Tower
66:50 Scout Tower
66:52 Scout Tower
66:54 Scout Tower
66:55 Scout Tower
66:57 Scout Tower
67:26 Guard Tower
67:28 Guard Tower
67:29 Guard Tower
67:40 Guard Tower
70:40 Scout Tower
70:42 Scout Tower
71:18 Town Hall
72:29 Scout Tower
72:30 Scout Tower
72:31 Scout Tower
72:32 Scout Tower
72:32 Scout Tower
72:34 Scout Tower
72:34 Scout Tower
72:35 Scout Tower
72:36 Scout Tower
73:14 Guard Tower
73:26 Guard Tower
73:31 Guard Tower
83:04 Scout Tower
83:05 Scout Tower
83:07 Scout Tower
83:08 Scout Tower
83:08 Scout Tower
83:09 Scout Tower
83:10 Scout Tower
83:10 Scout Tower
83:10 Scout Tower
83:11 Scout Tower
83:12 Scout Tower
83:13 Scout Tower
83:40 Guard Tower
83:44 Scout Tower
83:45 Scout Tower
83:45 Scout Tower
83:46 Scout Tower
83:47 Scout Tower
83:47 Scout Tower
84:12 Guard Tower
84:45 Guard Tower
87:34 Town Hall
92:38 Guard Tower
101:02 Town Hall
102:37 Scout Tower
102:39 Scout Tower
103:19 Scout Tower
103:20 Scout Tower
103:20 Scout Tower
103:21 Scout Tower
103:22 Scout Tower
103:22 Scout Tower
103:23 Scout Tower
104:02 Scout Tower
104:02 Scout Tower
104:04 Scout Tower
105:05 Guard Tower
105:26 Scout Tower
105:27 Scout Tower
105:27 Scout Tower
105:28 Scout Tower
105:55 Guard Tower
106:11 Guard Tower
107:15 Scout Tower
107:15 Scout Tower
107:16 Scout Tower
109:18 Guard Tower
109:20 Guard Tower
109:22 Scout Tower
109:22 Scout Tower
109:23 Scout Tower
114:01 Scout Tower
114:02 Scout Tower
114:02 Scout Tower
114:03 Scout Tower
114:03 Scout Tower
114:04 Scout Tower
114:35 Guard Tower
115:02 Guard Tower
119:29 Scout Tower
119:30 Scout Tower
119:31 Scout Tower
119:31 Scout Tower
119:32 Scout Tower
119:32 Scout Tower
119:39 Scout Tower
119:40 Scout Tower
119:41 Scout Tower
119:41 Scout Tower
120:09 Guard Tower
120:12 Scout Tower
120:12 Scout Tower
120:13 Scout Tower
120:13 Scout Tower
120:14 Scout Tower
120:15 Scout Tower
120:15 Scout Tower
120:17 Scout Tower
120:17 Scout Tower
120:18 Scout Tower
120:19 Scout Tower
120:30 Guard Tower
120:32 Guard Tower
120:33 Guard Tower
120:36 Scout Tower
120:36 Scout Tower
120:37 Scout Tower
120:39 Scout Tower
120:45 Scout Tower
120:45 Scout Tower
120:46 Scout Tower
120:47 Scout Tower
120:48 Guard Tower
121:24 Guard Tower
121:32 Guard Tower
121:46 Guard Tower
122:09 Guard Tower
122:25 Guard Tower
123:31 Guard Tower
123:37 Town Hall
124:08 Town Hall
125:19 Town Hall
132:04 Scout Tower
132:05 Scout Tower
132:42 Guard Tower
136:30 Altar of Kings
160:46 Barracks
161:36 Blacksmith
162:46 Farm
162:47 Farm
163:03 Farm
177:53 Arcane Vault
» items
                
                | Boots of Speed | 4 |  | 
| Potion of Healing | 2 |  | 
| Orb of Fire | 1 |  | 
| Staff of Sanctuary | 2 |  | 
| Lesser Clarity Potion | 3 |  | 
| Staff of Teleportation | 2 |  | 
| Scroll of Town Portal | 1 |  | 
| Tome of Retraining | 1 |  | 
| Mechanical Critter | 2 |  | 
                18 total
  
               team 2 (loser) 
              
              
Sandman88 (
green | 82 APM | 23466 actions | 286:27)
              
 10 Demon Hunter 
 3 Evasion
 3 Mana Burn
 1 Metamorphosis
 3 Immolation
 10 Keeper of the Grove 
 3 Entangling Roots
 3 Thorns Aura
 1 Tranquility
 3 Force of Nature
 8 Priestess of the Moon 
 3 Trueshot Aura
 3 Searing Arrows
 1 Starfall
 1 Scout
 
                » actions 
                
                | Assign group hotkey | 1037 |  | 
| Basic commands | 1422 |  | 
| Build / train | 329 |  | 
| Enter build submenu | 81 |  | 
| Enter hero's abilities submenu | 30 |  | 
| Give item / drop item | 27 |  | 
| Remove unit from queue | 28 |  | 
| Right click | 9553 |  | 
| Select / deselect | 3550 |  | 
| Select group hotkey | 6608 |  | 
| Use ability | 801 |  | 
                23466 total
 » units 
                
                | Wisp | 85 |  | 
| Huntress | 4 |  | 
| Druid of the Claw | 8 |  | 
| Dryad | 13 |  | 
| Glaive Thrower | 47 |  | 
| Chimaera | 7 |  | 
| Hippogryph | 33 |  | 
| Goblin Sapper | 8 |  | 
| Goblin Zeppelin | 14 |  | 
| Archer | 1 |  | 
                220 total
 » upgrades
                
                | Druid of the Claw Training | 2 |  | 
| Strength of the Wild | 3 |  | 
| Reinforced Hides | 3 |  | 
| Mark of the Claw | 1 |  | 
| Abolish Magic | 1 |  | 
| Well Spring | 1 |  | 
| Vorpal Blades | 1 |  | 
| Strength of the Moon | 3 |  | 
| Corrosive Breath | 1 |  | 
| Ultravision | 1 |  | 
| Moon Armor | 3 |  | 
| Nature's Blessing | 1 |  | 
| Backpack | 1 |  | 
| Resistant Skin | 1 |  | 
| Hardened Skin | 1 |  | 
| Upgrade Moon Glaive | 1 |  | 
| Sentinel | 1 |  | 
| Improved Bows | 0 |  | 
| Marksmanship | 0 |  | 
| Hippogryph Taming | 1 |  | 
| Druid of the Talon Training | 1 |  | 
                28 total
 » buildings
                
                | Altar of Elders | 6 |  | 
| Moon Well | 23 |  | 
| Ancient of War | 6 |  | 
| Hunter's Hall | 2 |  | 
| Tree of Ages | 4 |  | 
| Ancient of Wonders | 2 |  | 
| Tree of Eternity | 3 |  | 
| Ancient of Lore | 2 |  | 
| Tree of Life | 13 |  | 
| Ancient of Wind | 1 |  | 
| Chimaera Roost | 2 |  | 
| Ancient Protector | 11 |  | 
                75 total
 » build order
                00:05 Altar of Elders
00:20 Moon Well
01:04 Moon Well
01:58 Ancient of War
02:08 Hunter's Hall
03:57 Tree of Ages
04:37 Moon Well
05:55 Ancient of Wonders
06:24 Tree of Eternity
06:27 Ancient of Lore
07:23 Ancient of Lore
08:33 Tree of Life
08:59 Moon Well
10:46 Moon Well
18:26 Moon Well
18:57 Moon Well
21:04 Moon Well
22:38 Tree of Life
28:31 Ancient of Wind
30:11 Chimaera Roost
30:14 Chimaera Roost
42:18 Tree of Ages
43:20 Tree of Life
45:31 Tree of Life
46:25 Tree of Eternity
51:42 Tree of Life
54:59 Tree of Life
57:14 Tree of Life
60:43 Tree of Ages
61:18 Tree of Life
62:51 Tree of Life
68:43 Tree of Ages
70:09 Tree of Life
71:20 Altar of Elders
72:43 Tree of Life
73:01 Altar of Elders
74:12 Tree of Eternity
75:05 Tree of Life
84:32 Ancient of War
85:04 Ancient of War
87:32 Moon Well
87:52 Moon Well
87:54 Moon Well
91:14 Altar of Elders
101:08 Altar of Elders
101:19 Altar of Elders
101:23 Moon Well
101:24 Moon Well
101:25 Moon Well
102:11 Moon Well
102:12 Moon Well
103:06 Ancient Protector
103:08 Ancient Protector
103:12 Ancient Protector
103:18 Ancient Protector
103:19 Ancient Protector
103:21 Ancient Protector
105:41 Hunter's Hall
106:00 Ancient of Wonders
106:59 Ancient Protector
107:01 Ancient Protector
109:25 Moon Well
110:38 Moon Well
110:43 Moon Well
112:25 Ancient Protector
112:28 Ancient Protector
114:05 Moon Well
114:16 Ancient Protector
114:25 Moon Well
117:30 Tree of Life
126:32 Ancient of War
126:33 Ancient of War
136:14 Ancient of War
143:56 Moon Well
198:48 Moon Well
» items
                
                | Boots of Speed | 2 |  | 
| Orb of Venom | 2 |  | 
| Scroll of Town Portal | 6 |  | 
| Periapt of Vitality | 1 |  | 
| Circlet of Nobility | 1 |  | 
                12 total
  
                Chat log
          (00:07 / All) Sandman88: gl hf
(00:14 / All) tacoworld: same to you
(00:34 / All) tacoworld: going for the vertical base strategy
(00:47 / All) Sandman88: lol wtf is that
(00:51 / All) tacoworld: noob
(00:52 / All) tacoworld: you'll see
(00:59 / All) Sandman88: k sure
(04:09 / All) tacoworld: found your base
(04:12 / All) Sandman88: gj
(04:19 / All) tacoworld: doesnt look very vertyical
(09:47 / All) tacoworld: justt helpin out
(12:54 / All) tacoworld: oops forgot golems dont sleep
(16:28 / All) tacoworld: gg
(20:00 / All) tacoworld: what
(20:11 / All) tacoworld: oh
(20:12 / All) Sandman88: my shift buttong got stuck again
(20:14 / All) tacoworld: ankh of reincarnation
(20:15 / All) tacoworld: i see
(20:17 / All) tacoworld: yeah
(20:18 / All) tacoworld: that happens
(20:30 / All) tacoworld: i have shift key hack
(25:04 / All) tacoworld: goodbye life
(33:13 / All) Sandman88: my ass fell asleep
(33:17 / All) tacoworld: i have ass hack
(33:41 / All) Sandman88: sounds like 1 i could do with out
(34:17 / All) tacoworld: how do you like the vertical base strategy?
(34:28 / All) Sandman88: quite gay
(34:29 / All) Sandman88: but its ok
(34:37 / All) tacoworld: it only gets gayer
(34:53 / All) Sandman88: im not holding my breath
(41:48 / All) tacoworld: when the going gets tough
(41:50 / All) tacoworld: the tough get horizontal
(46:16 / All) Sandman88: and now u run
(46:17 / All) Sandman88: god so gay
(46:26 / All) tacoworld: you mad
(46:29 / All) tacoworld: highper.ch/win
(46:32 / All) tacoworld: paypal me $3 and the game is your
(46:33 / All) tacoworld: s
(46:41 / All) Sandman88: no ima wiN
(46:46 / All) tacoworld: cool
(46:48 / All) Sandman88: its jsut gona be a resource battle
(46:51 / All) tacoworld: alright
(55:30 / All) tacoworld: bad micro jesus
(55:32 / All) tacoworld: on my part
(59:30 / All) tacoworld: some nasty bugges jesus
(66:58 / All) tacoworld: whoa
(67:04 / All) tacoworld: cant staff entangled dudes?
(67:05 / All) tacoworld: weird
(70:03 / All) tacoworld: fuckkk
(70:06 / All) tacoworld: messed up my mouse keys again
(75:47 / All) tacoworld: AHHH BIRDSSS
(80:49 / All) Sandman88: u cant have any mines left
(80:52 / All) tacoworld: you cant
(80:58 / All) Sandman88: i do
(81:00 / All) Sandman88: i have 4
(81:57 / All) Sandman88: so should i go back 2 massing glavies
(82:01 / All) tacoworld: your call
(84:16 / All) tacoworld: man iam really bad at staffin
(85:00 / All) Sandman88: so whats ure next plan of attack
(85:06 / All) tacoworld: lvl6 alchemist
(85:10 / All) Sandman88: gl
(85:22 / All) Sandman88: theres no way ure getting him lvl 6
(85:26 / All) tacoworld: corect
(87:15 / All) Sandman88: so is that ure last chance at bot right
(87:21 / All) tacoworld: sure
(87:23 / All) tacoworld: why not
(88:07 / All) tacoworld: how much gold u got
(88:10 / All) Sandman88: 12k
(88:12 / All) tacoworld: nice
(88:14 / All) tacoworld: soudns like pain
(88:17 / All) tacoworld: for me
(91:53 / All) tacoworld: scary hu>?
(92:17 / All) Sandman88: its scarry when u take out my demon hunter
(92:26 / All) tacoworld: yeah pret close
(99:01 / All) tacoworld: gg
(99:22 / All) Sandman88: gg as in u win?
(99:33 / All) tacoworld: i mean if you're tired
(100:00 / All) Sandman88: after putting all this in theres no way im quiting now
(100:03 / All) tacoworld: ok yeah
(105:02 / All) tacoworld: get off this mainland elves
(109:05 / All) tacoworld: moce
(109:06 / All) tacoworld: nice
(109:56 / All) Sandman88: so can we pause it and take  a 10 min break
(110:03 / All) tacoworld: yeah sure
(110:09 / All) Sandman88: lol
(110:10 / All) tacoworld: ok
(110:20 / All) Sandman88: just cuz i know 1 of us would come back b4 the other
(110:23 / All) tacoworld: yeah
(110:24 / All) tacoworld: tricky
(110:33 / All) Sandman88: and then sum1 might resume it
(114:53 / All) tacoworld: whoa
(114:54 / All) tacoworld: those fuckers
(114:55 / All) tacoworld: i forgot you ahd them
(116:48 / All) tacoworld: da,m
(116:50 / All) tacoworld: i think there is a staff bug
(116:58 / All) tacoworld: thats the second time
(117:06 / All) tacoworld: i have accidentally staffed somewhere really weird
(117:13 / All) tacoworld: my mk just teleported in place
(117:14 / All) tacoworld: dumb
(117:35 / All) Sandman88: how much gold u got?
(117:42 / All) tacoworld: 4k or so
(134:39 / All) tacoworld: gg
(135:02 / All) tacoworld: another vidctory for verrtical base
(135:08 / All) Sandman88: lol how
(135:10 / All) Sandman88: its not over
(135:13 / All) tacoworld: true
(135:15 / All) Sandman88: i still have like 5k
(135:23 / All) tacoworld: nice
(140:42 / All) Sandman88: its gone
(140:43 / All) Sandman88: lol
(140:47 / All) tacoworld: yeah
(140:49 / All) Sandman88: no more gold
(148:28 / All) tacoworld: another victory for the vertical base
(148:45 / All) Sandman88: again u havent won yte
(150:22 / All) tacoworld: good escape
(153:40 / All) Sandman88: zzzzz
(153:51 / All) tacoworld: crap
(155:18 / All) Sandman88: u have gold?
(155:21 / All) tacoworld: yeah
(155:21 / All) tacoworld: ug
(155:46 / All) tacoworld: as my buddy bear and
(155:47 / All) tacoworld: says
(155:49 / All) tacoworld: staff and laugj
(158:13 / All) Sandman88: so do u still have gold?
(158:15 / All) Sandman88: i dont
(158:15 / All) tacoworld: yeah
(158:17 / All) tacoworld: hm
(158:19 / All) tacoworld: damn
(158:22 / All) tacoworld: means i have to come up wirth a plan
(158:40 / All) tacoworld: you were right about it being a resource war
(158:43 / All) Sandman88: |oh u mean ure gona do sumthing
(158:47 / All) tacoworld: yeah
(158:48 / All) tacoworld: defend
(158:49 / All) tacoworld: my base
(158:56 / All) tacoworld: we don't care if you elves live on that island
(159:08 / All) tacoworld: honestly it's not that great of an island
(159:11 / All) tacoworld: we just want the mainland for ourselves
(160:43 / All) Sandman88: im kicking u off the mainland
(160:48 / All) tacoworld: but why elves
(160:54 / All) tacoworld: there's no reason to do that
(161:07 / All) Sandman88: elfs are closely related 2 jews
(161:43 / All) Sandman88: so how long have we been playing this game
(161:46 / All) tacoworld: god only knows
(162:37 / All) tacoworld: we got rid of your colonization units
(164:40 / All) Sandman88: omg ure creating an army
(164:42 / All) tacoworld: get out of here bird
(164:48 / All) tacoworld: it's a jew defense force
(165:04 / All) tacoworld: damn you bird
(167:32 / All) tacoworld: i just got owned by my own vertical base
(172:19 / All) tacoworld: not bad
(173:48 / All) Sandman88: i wana hire my units out as mercinaries and get some gold
(173:56 / All) tacoworld: nobody will hire you island jews
(174:27 / All) Sandman88: so how much wood u got
(174:29 / All) tacoworld: 14400
(174:30 / All) tacoworld: you?
(174:34 / All) Sandman88: 25k
(174:36 / All) tacoworld: nice
(175:06 / All) tacoworld: your cat frien is dead
(175:08 / All) tacoworld: now it is jsut you oghma
(175:27 / All) tacoworld: too bad you dont have boots on
(175:39 / All) Sandman88: ya 2 bad
(175:43 / All) tacoworld: hm
(175:47 / All) tacoworld: fog of war got you safe
(175:48 / All) tacoworld: and home
(176:01 / All) Sandman88: Well now im gona wait for u 2 attack me
(176:28 / All) Sandman88: Im going outside for a smoke
(176:32 / All) tacoworld: auight
(176:40 / All) Sandman88: u can attack or w.e u want
(176:52 / All) tacoworld: cool baens
(176:56 / All) Sandman88: but as a warning I do have my hero back
(177:27 / All) Sandman88: ill trade u 10000 wood for 100 gold
(177:31 / All) tacoworld: not possible
(177:39 / All) Sandman88: how much u got?
(177:46 / All) tacoworld: i mean you cant trade gold to an opponent
(177:50 / All) Sandman88: o lol
(177:58 / All) Sandman88: but srsly how much gold u got
(178:02 / All) tacoworld: 2k
(178:12 / All) Sandman88: fucking shit hurry up and spend it
(178:24 / All) tacoworld: workin on it
(178:25 / All) Sandman88: w/e cig time
(178:26 / All) tacoworld: my last 2k was a biog waste
(182:26 / All) Sandman88: i came back and u were attacking
(182:27 / All) Sandman88: nice
(182:32 / All) tacoworld: you told me to :)
(182:39 / All) Sandman88: yeah
(182:40 / All) Sandman88: i know
(182:50 / All) Sandman88: i think thats the 1st time uve attacked me in these last 3 hrs
(182:59 / All) tacoworld: hm
(183:00 / All) tacoworld: not quite true
(183:03 / All) tacoworld: since tyou have no base on the mianland anymore
(183:05 / All) Sandman88: close enough
(183:15 / All) Sandman88: u gayed me not attacked me
(183:23 / All) tacoworld: that's the human way
(183:27 / All) Sandman88: no
(183:28 / All) Sandman88: thats not
(183:34 / All) Sandman88: thats the gay way
(183:35 / All) tacoworld: \like youd know elves
(183:50 / All) Sandman88: elfs can tower 2 they just arnt that homor
(183:52 / All) Sandman88: homo*
(184:06 / All) Sandman88: and not manny humans build as manny towers as u
(184:38 / All) Sandman88: so how much gold u got now
(184:49 / All) tacoworld: i've been not spending on purpose
(184:51 / All) tacoworld: same
(185:10 / All) tacoworld: you like long games?
(185:16 / All) Sandman88: not this long no
(185:20 / All) tacoworld: bummer
(185:21 / All) Sandman88: but like 40 min games are good
(185:23 / All) tacoworld: see highper.ch
(185:24 / All) tacoworld: er
(185:27 / All) tacoworld: http://highper.ch
(185:30 / All) tacoworld: for mroe towering replays
(185:36 / All) Sandman88: im good thx
(185:38 / All) tacoworld: i won't say I did the best
(185:40 / All) tacoworld: but
(185:43 / All) tacoworld: i tried and that's what counts
(186:02 / All) Sandman88: im pretty sure whoever gets tired of this 1st loses
(186:05 / All) tacoworld: yeah
(186:11 / All) tacoworld: i think we will both have a tough time ctually winning
(186:23 / All) Sandman88: i just finished finals so i got nothing 2 do
(186:26 / All) Sandman88: i got days}
(186:27 / All) tacoworld: nice
(186:30 / All) tacoworld: days then
(186:30 / All) tacoworld: well
(186:34 / All) tacoworld: let's see then
(187:15 / All) Sandman88: i told my buddy about this game and he said hes gona find u and take u out so ill leave my room and hang out with him
(187:23 / All) tacoworld: nice
(187:36 / All) tacoworld: he must be a master of hacks
(187:38 / All) Sandman88: and by take u out i mean unplug ure internet
(187:40 / All) tacoworld: to be able to find me in life
(187:42 / All) tacoworld: hm
(187:43 / All) tacoworld: well
(187:50 / All) Sandman88: Especially since im west coast
(187:51 / All) tacoworld: you only have 18 or so towers to kill
(188:01 / All) tacoworld: why are you on east if you're from west?
(188:02 / All) Sandman88: oh i dont plan on moveing
(188:07 / All) tacoworld: me netiher
(188:12 / All) tacoworld: let the real game begin
(188:14 / All) Sandman88: i actually cant move
(188:16 / All) tacoworld: ah
(188:17 / All) tacoworld: hmm
(188:18 / All) tacoworld: funny
(188:32 / All) tacoworld: well then it will be a true wait indeed
(188:48 / All) tacoworld: except that's impossible
(188:48 / All) tacoworld: since
(188:49 / All) Sandman88: god im gona start a movie then
(188:51 / All) tacoworld: you zepped back to your base
(188:59 / All) Sandman88: well then im blind
(189:05 / All) Sandman88: cuz i cant find my zeplin
(189:06 / All) tacoworld: weird
(189:10 / All) tacoworld: i don't think i kille it
(189:10 / All) Sandman88: oh nvm
(189:11 / All) Sandman88: ofound it
(189:14 / All) tacoworld: nice
(189:14 / All) tacoworld: ok
(189:15 / All) tacoworld: well
(189:16 / All) tacoworld: we'll be waiting
(189:18 / All) tacoworld: for you
(189:19 / All) Sandman88: still not moveing
(189:23 / All) tacoworld: gar doomforge
(189:25 / All) Sandman88: ima watch the goonies
(189:28 / All) tacoworld: and granis darkhammer
(189:29 / All) tacoworld: sweet
(189:38 / All) tacoworld: will stand as stalwarts over their mainland emprie
(191:49 / All) tacoworld: good morning elves
(200:10 / All) Sandman88: so i got 30000 wood
(207:10 / All) tacoworld: welcoem to the mainland
(207:11 / All) tacoworld: enjoy your stay
(207:16 / All) Sandman88: i will thx
(214:33 / All) tacoworld: gg
(214:36 / All) tacoworld: vertical base win again
(215:21 / All) tacoworld: we need a rest
(215:23 / All) tacoworld: after all that fighting
(217:05 / All) tacoworld: this is some benny hill shit
(217:29 / All) tacoworld: need manaaa
(217:40 / All) tacoworld: stay put we need to recharge
(218:28 / All) Sandman88: how does human get mana back so fast with out brillance arua
(218:33 / All) tacoworld: level 10 heroes maybe
(218:36 / All) tacoworld: not that fast really
(218:44 / All) tacoworld: i've dfefinitely been hurting for mana
(218:50 / All) tacoworld: i thought about getting an altar just for archmage
(218:50 / All) tacoworld: but
(218:54 / All) tacoworld: too expensive to get castle
(219:00 / All) tacoworld: since some bastard island elves killed my castle
(219:10 / All) Sandman88: wasnt me
(220:54 / All) tacoworld: youa re a crafty devil
(220:58 / All) tacoworld: wraithbringer
(222:11 / All) Sandman88: his 1600 hp is pretty ausome
(222:14 / All) tacoworld: yeah
(222:16 / All) tacoworld: hard as hell to kill
(222:25 / All) Sandman88: no mana for u
(227:50 / All) tacoworld: the real quiestion is
(227:53 / All) tacoworld: how are YOU recharging mana so fast?
(227:58 / All) Sandman88: ult
(228:04 / All) tacoworld: oh
(228:05 / All) tacoworld: crazy
(230:53 / All) Sandman88: so how much gold u got exactly
(230:59 / All) tacoworld: 120
(231:00 / All) tacoworld: plus
(231:01 / All) tacoworld: items
(231:54 / All) Sandman88: i got 2 goldl
(232:41 / All) Sandman88: i play dota so useing just 1 hero is pretty normal 2 me
(232:48 / All) tacoworld: yeah
(232:50 / All) tacoworld: seems like it
(232:53 / All) Sandman88: im far better at dota
(235:01 / All) Sandman88: whats ure heros base int
(235:05 / All) tacoworld: 31
(235:06 / All) tacoworld: you?
(235:13 / All) Sandman88: 34 +2
(235:17 / All) tacoworld: smart guy
(235:19 / All) tacoworld: i can tell
(235:22 / All) tacoworld: 34
(236:33 / All) Sandman88: ohhhhh
(236:39 / All) Sandman88: thats how ure invising ure units lol
(240:44 / All) Sandman88: not gona lie we are 2 despicable ppl
(240:47 / All) tacoworld: yeah
(240:49 / All) tacoworld: but
(240:49 / All) Sandman88: suck whores
(241:03 / All) Sandman88: but?
(241:06 / All) tacoworld: i am just trying to kill you with some style here
(241:17 / All) Sandman88: what kind of style is that
(241:39 / All) tacoworld: mk axe to the brain
(241:56 / All) Sandman88: well its not like im letting that happen
(243:24 / All) tacoworld: ok done with attempts to be stylish
(243:48 / All) tacoworld: waiting for sor to recharge just atkes forever
(246:58 / All) tacoworld: haha lol
(247:28 / All) Sandman88: if i had boots i could be even gayer
(247:31 / All) tacoworld: yeah
(247:32 / All) tacoworld: i know
(247:46 / All) Sandman88: my dead hero has boots
(250:23 / All) Sandman88: i didnt know the 2nd pair of boots increased ms 
(250:48 / All) Sandman88: dont think they do actually
(250:51 / All) tacoworld: yeah you're right
(250:52 / All) tacoworld: wopos
(256:28 / All) tacoworld: hm
(256:42 / All) Sandman88: i knew u had 2 be doiing something like that
(256:47 / All) Sandman88: but i dont get y u uninvised them
(256:48 / All) tacoworld: yeah
(256:50 / All) tacoworld: didnt mean to
(256:52 / All) tacoworld: misclick
(257:00 / All) Sandman88: wouuldnt of mattered though
(257:02 / All) tacoworld: why
(257:03 / All) Sandman88: spalsh would of let me get away
(257:10 / All) tacoworld: oh yeah good point
(263:39 / All) Sandman88: i wonder what a league would do if this happened
(263:47 / All) tacoworld: i'm pretty sure
(263:49 / All) Sandman88: rm a different map
(263:51 / All) tacoworld: that one of us just didnt htink of something obvious
(265:22 / All) Sandman88: u know i dont even get y im going after ure base.... not like it matters
(265:31 / All) tacoworld: its like a little mini game
(265:43 / All) Sandman88: i could just hide in a corner though
(265:47 / All) tacoworld: yeah
(266:07 / All) Sandman88: i do have plans though in about 2 hrs
(266:12 / All) tacoworld: hmm
(266:16 / All) tacoworld: sounds like a free win for me
(266:19 / All) Sandman88: so we got 2 be done by then or ima just leave my comp on
(266:23 / All) tacoworld: alright
(266:26 / All) Sandman88: by no means was it free
(266:31 / All) tacoworld: true
(269:03 / All) Sandman88: 1 more building and i win the mini game
(269:07 / All) tacoworld: yeah
(274:11 / All) Sandman88: u got to manny boots wana give me 1
(274:20 / All) tacoworld: tempting but no
(274:31 / All) Sandman88: figured ide ask
(276:16 / All) Sandman88: AW
(276:17 / All) tacoworld: outgayed
(276:18 / All) Sandman88: HAHAHAHA
(276:21 / All) tacoworld: i was
(276:22 / All) tacoworld: i mean
(276:26 / All) tacoworld: i think you managed to outgay me
(276:34 / All) tacoworld: impressive
(276:34 / All) Sandman88: u have 2 be kidding
(276:40 / All) tacoworld: i mean
(276:43 / All) Sandman88: u were so gay when we were playing
(276:43 / All) tacoworld: that running around thing
(276:45 / All) tacoworld: yeah
(276:48 / All) tacoworld: i know
(276:50 / All) tacoworld: thats my point
(276:53 / All) tacoworld: you miraculously outgayed me
(276:54 / All) tacoworld: aweosme
(277:05 / All) Sandman88: can u kill me now is the ?
(277:12 / All) tacoworld: prob not
(277:20 / All) tacoworld: you snuck killed my zepp
(277:25 / All) Sandman88: yep
(277:28 / All) Sandman88: incase this happenede
(277:30 / All) tacoworld: i will try to get anohter
(277:49 / All) Sandman88: i bet u could buy 2 with ure items
(277:54 / All) tacoworld: prob
(278:14 / All) Sandman88: they are 240 u for sure can buy 2 or 3
(278:59 / All) Sandman88: whats teh percent bash on mk at lvl 3
(279:02 / All) tacoworld: 40
(279:11 / All) Sandman88: o
(279:29 / All) Sandman88: Lol
(279:38 / All) tacoworld: guess this will have to be a daylight operation
(280:51 / All) Sandman88: comeon u can do it
(281:57 / All) tacoworld: sup birds
(282:01 / All) tacoworld: sneak zepplin for the win
(282:25 / All) tacoworld: elves
(282:27 / All) tacoworld: we didnt want to do this
(282:33 / All) tacoworld: but you guys kept coming back to our land
(283:04 / All) Sandman88: lol
(283:06 / All) tacoworld: you must wonder
(283:10 / All) Sandman88: NO
(283:12 / All) Sandman88: not at all
(283:13 / All) Sandman88: i know how
(283:13 / All) tacoworld: \
(283:14 / All) tacoworld: oh
(283:30 / All) tacoworld: when did i do it
(283:31 / All) tacoworld: you must wonder
(283:39 / All) Sandman88: no
(283:41 / All) tacoworld: another win for the vertical base
(283:42 / All) Sandman88: again i know
(283:42 / All) tacoworld: woo woo
(283:44 / All) tacoworld: when?
(283:49 / All) tacoworld: do you think?
(283:54 / All) Sandman88: when u were distracting
(284:03 / All) tacoworld: oh
(284:04 / All) tacoworld: hm
(284:40 / All) tacoworld: ahh cannibalism
(284:43 / All) tacoworld: hint there was no zepplin
(285:00 / All) tacoworld: god
(285:02 / All) tacoworld: i have never lost
(285:04 / All) tacoworld: in my life with vertical base
(285:05 / All) tacoworld: NEVER
(285:18 / All) tacoworld: i guess i did cheat and make one horizontal base
(285:21 / All) tacoworld: because mining was too slow
(286:20 / All) tacoworld: get out of here birds
(286:25 / All) tacoworld: gg